 Dungeon Crawl Stone Soup version 0.30-a0-956-gcec3b41aec (webtiles) character file.

Game seed: 13117262798995292218

11092 oldriver the Thaumaturge (level 11, -2/132 (136) HPs)
             Began as a Green Draconian Ice Elementalist on Mar 27, 2023.
             Was a Believer of Vehumet.
             Slain by Fannar
             ... wielding a staff of cold
              (7 damage)
             ... on level 11 of the Dungeon on Mar 30, 2023.
             The game lasted 00:31:03 (14005 turns).

oldriver the Thaumaturge (DrIE)                    Turns: 14005, Time: 00:31:05

HP:   -2/132 (136)  AC: 35    Str: 14    XL:     11   Next: 44%
MP:   25/25         EV:  2    Int: 20    God:    Vehumet [**....]
Gold: 162           SH:  0    Dex: 12    Spells: 0/30 levels left

rFire   . . .      SeeInvis .    i - +6 mace "Sext" {speed, rElec rCorr Str+4}
rCold   + . .      Faith    .    d - +0 buckler
rNeg    . . .      Spirit   .    (body armour unavailable)
rPois   +          Reflect  .    (helmet currently unavailable)
rElec   +          Rampage  .    y - melded +0 cloak
rCorr   +          NoTele   +    g - melded +1 pair of gloves
Will    +....                    (boots currently unavailable)
Stlth   +                        k - amulet of the acrobat
HPRegen 0.42/turn                b - ring of willpower
MPRegen 0.19/turn                p - ring of protection from cold

@: confused, brilliant, ice-armoured, tree-form, ambrosia-drunk, lightly drained
A: stationary, stasis, torment immunity, boosted hp, (breathe noxious fumes), AC
+7, unfitting armour, (poison resistance), (cold-blooded)
a: Renounce Religion


You were on level 11 of the Dungeon.
You worshipped Vehumet.
Vehumet was pleased with you.
You were a tree.
You visited 2 branches of the dungeon, and saw 12 of its levels.

You collected 602 gold pieces.
You spent 440 gold pieces at shops.

Inventory:

Hand Weapons
 i - the +6 mace "Sext" (weapon) {speed, rElec rCorr Str+4}
   (You found it on level 5 of the Dungeon)

   Str:       It affects your strength (+4).
   rElec:     It insulates you from electricity.
   rCorr:     It protects you from acid and corrosion.
 C - a +3 demon trident
Missiles
 s - 5 curare-tipped darts
 z - 46 poisoned darts
Armour
 d - a +0 buckler (worn)
 g - a +1 pair of gloves (melded)
 y - a +0 cloak (melded)
Jewellery
 b - a ring of willpower (left branch)
 j - an amulet of guardian spirit
 k - an amulet of the acrobat (around neck)
 p - a ring of protection from cold (right branch)
 x - a +6 ring of strength
 B - a ring of protection from fire
 G - a ring of ice
Wands
 e - a wand of flame (8)
 t - a wand of roots (19)
 w - a wand of charming (9)
 E - a wand of mindburst (9)
Scrolls
 m - 3 scrolls of teleportation
 n - 4 scrolls of magic mapping
 q - 2 scrolls of fog
 r - a scroll of silence
Potions
 a - 2 potions of magic
 o - a potion of lignification
 u - a potion of attraction
Miscellaneous
 h - a piece from Xom's chessboard (14/15)


   Skills:
 + Level 6.8 Fighting
 - Level 4.0 Dodging
 - Level 4.0 Stealth
 - Level 4.0 Shields
 + Level 10.4 Spellcasting
 - Level 4.0 Conjurations
 - Level 2.0 Summonings
 - Level 10.0 Ice Magic
 - Level 4.0 Air Magic
 * Level 0.8 Poison Magic


You couldn't memorise any spells.
You knew the following spells:

 Your Spells              Type           Power      Damage    Failure   Level
a - Freeze                Ice            100%       1d10      1%          1
b - Frozen Ramparts       Ice            100%       1d16      1%          3
c - Ozocubu's Armour      Ice            66%        N/A       1%          3
d - Hailstorm             Conj/Ice       55%        3d12      1%          3
e - Summon Ice Beast      Ice/Summ       51%        N/A       7%          4
f - Freezing Cloud        Conj/Ice/Air   25%        6-21      21%         5
g - Ozocubu's Refrigerat  Ice            33%        4d14      75%         7
o - Olgreb's Toxic Radia  Pois           20%        N/A       52%         4

Your spell library contained the following spells:

 Spells                   Type           Power      Damage    Failure   Level
 Mephitic Cloud           Conj/Pois/Air  33%        N/A       8%          3
 Momentum Strike          Conj/Tloc      54%        3d9       5%          2
 Slow                     Hex            60%        N/A       9%          1
 Blink                    Tloc           30%        N/A       13%         2
 Lesser Beckoning         Tloc           30%        N/A       13%         2
 Kindle Blastsparks       Fire/Tloc/Air  46%        2d13      14%         3
 Ignite Poison            Fire/Tmut/Pois 17%        N/A       22%         3
 Confusing Touch          Hex            15%        N/A       26%         3
 Vampiric Draining        Necr           15%        2d7       26%         3
 Sticky Flame             Conj/Fire      27%        2d5       36%         4
 Leda's Liquefaction      Hex/Erth       7%         N/A       63%         4
 Manifold Assault         Tloc           15%        N/A       63%         4
 Blade Hands              Tmut           7%         N/A       93%         5
 Lee's Rapid Deconstruct  Erth           7%         3d7*      93%         5
 Iron Shot                Conj/Erth      13%        9d3       99%         6
 Dispersal                Tloc           7%         N/A       100%        6
 Statue Form              Tmut/Erth      10%        N/A       100%        6
 Disjunction              Tloc           7%         N/A       100%        8
 Ignition                 Fire           7%         3d5       100%        8
 Animate Armour           Summ/Erth      Unusable   N/A       N/A         4

Dungeon Overview and Level Annotations

Branches:
Dungeon (11/15)            Temple (1/1) D:7             Orc (0/2) D:10
   Lair: D:8-11

Altars:
Ashenzari
Cheibriados
Dithmenos
Elyvilon
Fedhas
Gozag
Hepliaklqana
Kikubaaqudgha
Makhleb
Nemelex Xobeh
Okawaru
Qazlal
Ru
Sif Muna
Trog
Uskayaw
Vehumet
Wu Jian
Xom
Yredelemnul
Zin
The Shining One

Shops:
D:9 :   D:10 :

Annotations:
D:7 2 runed translucent doors, exclusion: orange crystal statue
D:11 Fannar, Nergalle


Innate Abilities, Weirdness & Mutations

You are a tree.
Your roots penetrate the ground, keeping you stationary.
You cannot be teleported.
You are immune to unholy pain and torment.
Your maximum health is greatly increased.
Your equipment is partially melded.
((You can breathe blasts of noxious fumes.))
((Your lurid green scales are hard. (AC +7)))
You cannot fit into any form of body armour.
((Your system is resistant to poisons. (rPois)))
((You are cold-blooded and may be slowed by cold attacks.))


Message History

Your icy armour will break if you move.
Continue?
Okay, then.
Really quaff the potion of lignification?
You turn into a tree.
Your +0 cloak melds into your body.
Your +1 pair of gloves melds into your body.
Your roots penetrate the ground.
The meliai hits you but does no damage.
The meliai stings you but does no damage.
Fannar hits you but does no damage. Fannar freezes you!
* * * LOW HITPOINT WARNING * * *
The meliai hits you but does no damage.
The meliai stings you but does no damage.
A two-headed ogre comes into view.
It is wielding two +0 giant spiked clubs.
You are too confused!
You are too confused!
Okay, then.
You swing at nothing.
You have got your breath back.
The meliai looks more healthy.
The meliai hits you but does no damage.
The meliai stings you but does no damage.
A komodo dragon comes into view.
Fannar hits you but does no damage. Fannar freezes you.
* * * LOW HITPOINT WARNING * * *
The meliai hits you but does no damage.
The meliai stings you but does no damage.
You swing at nothing.
The komodo dragon hisses angrily.
The two-headed ogre shouts in stereo!
You hear a shout!
The meliai mumbles some strange prayers to its god against you.
Something smites you!
* * * LOW HITPOINT WARNING * * *
Fannar gestures wildly while chanting.
You miss Fannar.
Fannar is lightly wounded.
The meliai hits you but does no damage.
The meliai stings you but does no damage.
The meliai invokes the aid of its god against you.
Something smites you!
* * * LOW HITPOINT WARNING * * *
Fannar hits you but does no damage. Fannar freezes you!
You die...

......# #####.# #########
#.# #.......#
#####.######.#####.#
.................#.#
..................>######
........<#.....#........#
.....#.#.#.#...#...#.##.#
######...#.....Y♣e...##.#
#########......y..#.##.#
.......................#
###.#####.###...#.#.####
#..##l#.#....#
..#.#.#.#.#..#
..#...O#.#.#..# #
.##.#.#.#..# #.#.#......#


You could see Fannar (poisoned), a two-headed ogre, a komodo dragon, an ice
beast (summoned) and a meliai.

Vanquished Creatures
  5 orange demons (D:10)
  A gargoyle (D:11)
  2 trolls (D:10)
  3 red devils (D:10)
  12 yaks
  3 vampires
  A basilisk (D:11)
  2 wyverns (D:9)
  3 steam dragons
  5 vampire mosquitoes
  2 water moccasins
  8 orc warriors
  A sky beast (D:7)
  A black bear (D:7)
  2 ogres
  2 centaurs
  An elf zombie (D:7)
  5 kobold brigands (D:10)
  5 bullfrogs
  3 gnoll sergeants (D:10)
  A scorpion (D:5)
  8 wights
  17 killer bees
  4 howler monkeys
  A jelly (D:5)
  3 hounds
  6 orc priests
  2 human zombies (D:7)
  2 human skeletons (D:7)
  4 orc wizards
  5 iguanas
  7 gnolls (D:10)
  2 adders
  A white imp (D:7)
  An ufetubus (D:7)
  3 dart slugs
  47 orcs
  4 bats
  3 endoplasms
  8 giant cockroaches
  9 goblins
  8 hobgoblins
  7 jackals
  5 kobolds
  A quokka (D:5)
  7 ball pythons
  4 frilled lizards
  An orc skeleton (D:7)
  7 rats
245 creatures vanquished.

Vanquished Creatures (others)
  5 fungi
  5 toadstools (D:1)
10 creatures vanquished.

Grand Total: 255 creatures vanquished

Notes
Turn   | Place    | Note
-------+----------+-------------------------------------------
     0 | D:1      | oldriver the Draconian Ice Elementalist began the quest for
                  | the Orb.
     0 | D:1      | Reached XP level 1. HP: 14/14 MP: 3/3
   307 | D:1      | Reached XP level 2. HP: 20/20 MP: 0/5
   688 | D:1      | Found a faded altar of an unknown god.
  1090 | D:1      | Upgraded the game from 0.30-a0-949-g53dc5368d7 to
                  | 0.30-a0-956-gcec3b41aec
  1147 | D:1      | Reached XP level 3. HP: 25/26 MP: 4/6
  2548 | D:3      | Found an ancient bone altar of Kikubaaqudgha.
  2597 | D:3      | Reached XP level 4. HP: 30/33 MP: 4/7
  2599 | D:3      | Reached skill level 1 in Shields
  2604 | D:3      | Reached skill level 5 in Ice Magic
  2684 | D:3      | Found a shimmering altar of Xom.
  2724 | D:3      | Learned a level 3 spell: Frozen Ramparts
  2728 | D:3      | Learned a level 3 spell: Ozocubu's Armour
  2907 | D:3      | Found a burning altar of Makhleb.
  2907 | D:3      | Noticed a blizzard demon
  2910 | D:3      | Noticed a smoke demon
  2910 | D:3      | Noticed a smoke demon
  3273 | D:4      | Found a shimmering blue altar of Sif Muna.
  3375 | D:4      | Found a glowing golden altar of the Shining One.
  3441 | D:4      | Reached XP level 5. HP: 36/39 MP: 4/9
  3822 | D:4      | Reached skill level 1 in Fighting
  3979 | D:4      | Reached XP level 6. HP: 48/48 MP: 6/10
  4011 | D:4      | You fall into a shaft and drop 3 floors!
  4012 | D:7      | Found the +10 tower shield of Ignorance {rN+ Int-4}
  4019 | D:7      | Found a runed translucent door.
  4037 | D:7      | Noticed an orc warrior
  4050 | D:7      | Killed an orc warrior
  4124 | D:7      | Found a runed translucent door.
  4207 | D:5      | Entered Level 5 of the Dungeon
  4494 | D:5      | Identified the +6 mace "Sext" {speed, rElec rCorr Str+4}
  4566 | D:5      | Your scales start taking on a lurid green colour.
  4566 | D:5      | Reached XP level 7. HP: 55/55 MP: 9/14
  4566 | D:5      | Gained mutation: Your system is resistant to poisons.
                  | (rPois) [Green Draconian growth]
  4578 | D:5      | Reached skill level 5 in Spellcasting
  4992 | D:5      | Found an opulent altar of Gozag.
  5472 | D:6      | Found a basalt altar of Yredelemnul.
  5504 | D:6      | Reached XP level 8. HP: 59/61 MP: 15/18
  6079 | D:7      | Found a stormy altar of Qazlal.
  6303 | D:7      | Learned a level 3 spell: Hailstorm
  6308 | D:7      | Learned a level 4 spell: Summon Ice Beast
  6314 | D:7      | Learned a level 5 spell: Freezing Cloud
  6397 | D:7      | Found a staircase to the Ecumenical Temple.
  6406 | Temple   | Entered the Ecumenical Temple
  6570 | Temple   | Became a worshipper of Vehumet
  6965 | D:7      | Found a blossoming altar of Fedhas.
  7107 | D:7      | Reached skill level 1 in Conjurations
  7257 | D:7      | Noticed an orange crystal statue
  7500 | D:8      | Reached XP level 9. HP: 50/69 MP: 15/21
  7508 | D:8      | Reached * piety under Vehumet
  7508 | D:8      | Offered knowledge of Shock by Vehumet.
  8847 | D:9      | Reached XP level 10. HP: 78/78 MP: 13/23
  9778 | D:9      | Found Udiguil's Book Boutique.
 10085 | D:10     | Entered Level 10 of the Dungeon
 10537 | D:10     | Reached skill level 1 in Summonings
 10539 | D:10     | Reached skill level 1 in Air Magic
 10791 | D:10     | Noticed an orange demon
 10791 | D:10     | Noticed an orange demon
 10792 | D:10     | Noticed an orange demon
 10810 | D:10     | Killed an orange demon
 10813 | D:10     | Killed an orange demon
 10814 | D:10     | Reached skill level 5 in Fighting
 10816 | D:10     | Reached skill level 10 in Spellcasting
 10825 | D:10     | Found Bingef's Book Shoppe.
 10952 | D:10     | Reached ** piety under Vehumet
 11030 | D:10     | Bought the Unrestrained Analects for 440 gold pieces
 11038 | D:10     | Learned a level 7 spell: Ozocubu's Refrigeration
 11059 | D:10     | Killed an orange demon
 11127 | D:10     | Noticed an orange demon
 11127 | D:10     | Noticed an orange demon
 11188 | D:10     | Killed an orange demon
 11188 | D:10     | Offered knowledge of Sandblast by Vehumet.
 11191 | D:10     | Reached XP level 11. HP: 89/89 MP: 7/25
 12002 | D:10     | Found a staircase to the Orcish Mines.
 12880 | D:10     | Found a sparkling altar of Nemelex Xobeh.
 12903 | D:10     | Offered knowledge of Mephitic Cloud by Vehumet.
 12904 | D:10     | Reached skill level 10 in Ice Magic
 13219 | D:11     | Noticed Nergalle
 13522 | D:11     | Noticed a deep elf pyromancer
 13539 | D:11     | Learned a level 4 spell: Olgreb's Toxic Radiance
 13615 | D:11     | Noticed an eight-headed hydra
 13619 | D:11     | Noticed Fannar
 13855 | D:11     | Noticed a spectral orc warlord
 14002 | D:11     | Noticed a two-headed ogre
 14005 | D:11     | HP: 5/132 [meliai/divine providence (13)]
 14005 | D:11     | Slain by Fannar

Illustrated notes

Levels and vault maps discovered:
D:1:      amcnicky_arrival_gap_in_the_tavern_cellar, layout_basic,
          shapermc_ecumenical_altar_mp_vishouse, minmay_gold_behind_fungi
D:2:      layout_basic
D:3:      layout_loops_ring, mainiacjoe_overflow_small_starburst,
          makhleb_altar_promises_db, lemuel_crystal_altar,
          minmay_tree_intersection
D:4:      nicolae_BIG_FREAKIN_CUBE, layout_rooms, overflow_temple_1_default,
          tso_metal_star, serial_glass, glass_columns_a, glass_columns_b,
          glass_columns_c, glass_columns_c
D:5:      layout_cave_pools, kennysheep_mini, feat_on_display
D:6:      layout_cave_pools, mainiacjoe_overflow_brackets, serial_park,
          serial_park_tiny_1, serial_park_avenue1, serial_park_square1
          [serial_park_minivault_5x5_5]
D:7:      layout_basic, grunt_temple_overflow_forces_of_nature,
          minmay_temple_entry_proselytizer, nicolae_ossuary_entry_catacombs,
          chequers_guarded_unrand_ignorance
D:8:      layout_gridville
D:9:      layout_rooms, kennysheep_small_circle
D:10:     layout_basic, mainiacjoe_overflow_six_doors_small,
          kennysheep_orc_monster_closet_entryway, serial_corexii_hall,
          corexii_hall_statues_x, chequers_hall_statues_y, serial_shops, shop,
          minmay_beelzebubs_servants
D:11:     minmay_the_grid_square_5x5_5x5 [minmay_the_grid_square_5x5_longway,
          minmay_the_grid_square_5x5_seven, minmay_the_grid_square_5x5_shrine2,
          minmay_the_grid_square_5x5_doubleslash,
          minmay_the_grid_square_5x5_beaten_path, minmay_the_grid_square_5x5_c,
          minmay_the_grid_square_5x5_prize_itemx,
          minmay_the_grid_square_5x5_checkered,
          minmay_the_grid_square_5x5_prize_rear_guard,
          minmay_the_grid_square_5x5_sharp_hourglass,
          minmay_the_grid_square_5x5_slash,
          minmay_the_grid_square_5x5_broken_cross,
          minmay_the_grid_square_5x5_prize_open,
          minmay_the_grid_square_5x5_forky, minmay_the_grid_square_5x5_three,
          minmay_the_grid_square_5x5_hollow_slash,
          minmay_the_grid_square_5x5_prize_monsterx,
          minmay_the_grid_square_5x5_bite,
          minmay_the_grid_square_5x5_prize_open, minmay_the_grid_square_5x5_z,
          minmay_the_grid_square_5x5_lines, minmay_the_grid_square_5x5_detours,
          minmay_the_grid_square_5x5_fat_x, minmay_the_grid_square_5x5_shrine1,
          minmay_the_grid_square_5x5_shuriken], layout_basic, lair_entry_dummy,
          trog_hazing_becter, uniq_fannar, uniq_nergalle, uniq_urug
Temple:   hellmonk_temple_forest_ring

Skill      XL: |  1  2  3  4  5  6  7  8  9 10 11 |
---------------+----------------------------------+-----
Dodging        | 2 4 |  4.0
Stealth        | 2 3 4 |  4.0
Shields        | 1 2 4 |  4.0
Ice Magic      | 5 6 7 9 10 | 10.0
Fighting       | 1 2 3 4 5 6 |  6.8
Spellcasting   | 3 4 7 8 9 10 | 10.4
Conjurations   | 1 4 |  4.0
Summonings     | 2 |  2.0
Air Magic      | 2 4 |  4.0
Poison Magic   | |  0.8

Action                     |  1- 3 |  4- 6 |  7- 9 | 10-12 || total
---------------------------+-------+-------+-------+-------++-------
  Melee: Unarmed           |    22 |       |       |       ||    22
         Tailslap          |     3 |     2 |    34 |    30 ||    69
         Dagger            |    15 |    20 |       |       ||    35
         Mace              |       |     3 |   168 |   188 ||   359
  Throw: Dart              |       |       |     1 |       ||     1
   Cast: Freeze            |    85 |    33 |    17 |       ||   135
         Frozen Ramparts   |       |     6 |    22 |    45 ||    73
         Ozocubu's Armour  |       |     1 |     4 |    15 ||    20
         Hailstorm         |       |       |    17 |    64 ||    81
         Olgreb's Toxic Ra |       |       |       |     1 ||     1
Ability: Breathe Noxious F |       |       |     4 |     4 ||     8
  Evoke: Wand              |       |     1 |       |    16 ||    17
         Piece from Xom's  |       |       |       |     1 ||     1
    Use: Scroll            |       |     9 |       |    12 ||    21
         Potion            |       |       |       |    10 ||    10
   Stab: Sleeping          |       |     1 |     2 |       ||     3
         Confused          |       |       |     2 |       ||     2
         Petrified         |       |       |       |     3 ||     3
 Armour: Skin              |    30 |     5 |    54 |   133 ||   222
  Dodge: Dodged            |    72 |    24 |   100 |   158 ||   354
  Block: Buckler           |     5 |     5 |    34 |    60 ||   104

Table legend: (Time is in decaauts)
 A = Elapsed time spent in this place.
 B = Non-inter-level travel time spent in this place.
 C = Inter-level travel time spent in this place.
 D = Time resting spent in this place.
 E = Time spent auto-exploring this place.
 F = Levels seen in this place.
 G = Mean time per level.
                   A        B        C        D        E       F      G
               +--------+--------+--------+--------+--------+-----+--------+
         Total |  14014 |  13145 |    869 |   2544 |   8371 |  12 | 1167.8 |
       Dungeon |  13841 |  13003 |    838 |   2544 |   8240 |  11 | 1258.3 |
        Temple |    172 |    141 |     31 |      0 |    131 |   1 |  172.0 |
               +--------+--------+--------+--------+--------+-----+--------+

Top non-repeatable levels by time:
    D:10: 3346 daAuts
     D:8: 1713 daAuts
     D:7: 1585 daAuts
     D:1: 1500 daAuts
     D:4: 994 daAuts
     D:3: 954 daAuts
     D:9: 949 daAuts
     D:2: 833 daAuts
     D:5: 746 daAuts
     D:6: 638 daAuts
    D:11: 579 daAuts
  Temple: 172 daAuts
